 Dungeon Crawl Stone Soup version 0.26.0-18-gc5c842f807 (webtiles) character file.

Game seed: 14311604051803176492

126 thiole the Sneak (level 5, 0/31 HPs)
             Began as an Octopode Hedge Wizard on Jan 23, 2021.
             Succumbed to a worker ant's poison
             ... on level 2 of the Dungeon.
             The game lasted 00:03:23 (2522 turns).

thiole the Sneak (Octopode Hedge Wizard)            Turns: 2522, Time: 00:03:24

Health: 0/31       AC:  1    Str:  9    XL:     5   Next: 9%
Magic:  2/10       EV: 13    Int: 18    God:
Gold:   97         SH:  0    Dex: 11    Spells: 3/11 levels left

rFire    . . .     SeeInvis .   a - +0 dagger
rCold    . . .     Faith    .   (no shield)
rNeg     . . .     Spirit   .   b - +0 hat
rPois    .         Reflect  .   (no amulet)
rElec    .         Harm     .   (no ring)
rCorr    .         Rampage  .   (no ring)
Will     .....                  (no ring)
Stlth    +++.......             (no ring)
HPRegen  0.10/turn              (no ring)
MPRegen  0.12/turn              (no ring)
                                (no ring)
                                (no ring)

@: brilliant, lethally poisoned (0 -> -13), flying
A: almost no armour, stealthy swim, amphibious, 8 rings, constrict 8, camouflage
1, gelatinous body 1
a: no special abilities


You were on level 2 of the Dungeon.
You visited 1 branch of the dungeon, and saw 2 of its levels.

You collected 97 gold pieces.

Inventory:

Hand Weapons
 a - a +0 dagger (weapon)
Armour
 b - a +0 hat (worn)
Jewellery
 k - an uncursed amulet of guardian spirit {unknown}
Wands
 j - a wand of digging (4)
 m - a wand of flame (20)
Scrolls
 c - 2 scrolls of identify {unknown}
 d - 3 scrolls of immolation {unknown}
 e - a scroll of noise {unknown}
 g - a scroll of remove curse {unknown}
 i - 2 scrolls of blinking {unknown}
 l - a scroll of teleportation {unknown}


   Skills:
 - Level 2.0 Dodging
 - Level 4.0 Stealth
 + Level 3.5 Spellcasting
 + Level 2.4 Conjurations
 - Level 2.0 Summonings
 - Level 1.0 Translocations
 * Level 1.6 Air Magic


You had 3 spell levels left.
You knew the following spells:

 Your Spells              Type           Power        Failure   Level
a - Magic Dart            Conj           68%          6%          1
b - Call Imp              Summ           15%          11%         2
c - Slow                  Hex            4%           24%         2
d - Mephitic Cloud        Conj/Pois/Air  12%          26%         3

Your spell library contained the following spells:

 Spells                   Type           Power        Failure   Level
 Blink                    Tloc           N/A          16%         2
 Conjure Flame            Conj/Fire      11%          28%         3


Dungeon Overview and Level Annotations

Branches:
Dungeon (2/15)

Altars:


Innate Abilities, Weirdness & Mutations

You cannot wear most types of armour.
You are very stealthy in the water. (Stealth+)
You are amphibious.
You can wear up to eight rings at the same time.
You can use your tentacles to constrict eight enemies at once.
Your skin changes colour to match your surroundings (Stealth+).
Your rubbery body absorbs attacks. (AC +1, EV +1)


Message History

You feel sick. The worker ant completely misses you.
Aiming: Throw Flame
Press: ? - help, Shift-Dir - straight line, f/p - worker ant
Aim: a worker ant (almost dead, constricted by you, 0% to evade)
The puff of flame hits the worker ant.
You kill the worker ant!
* * * LOW HITPOINT WARNING * * *
You feel sick.
You have reached level 5!
You feel clever.
You start putting on your amulet.
You continue putting on your large bronze amulet.
Keep equipping yourself?
* * * LOW HITPOINT WARNING * * *
You feel sick.
You continue putting on your large bronze amulet.
* * * LOW HITPOINT WARNING * * *
You feel sick.
You continue putting on your large bronze amulet.
You die...

#####.# #...##......# #
###.# #####.##......# #
#...# #.....##......# #
#.### ##.#####.....## #
#.# #.##..†.##### # #.#
#....##.# . #
#.##################....
# #.#..........#.†.....#
# #.#.########.#@###.###
#.).# #.#...# # #####
#...#.# ###...# #####


There were no monsters in sight!

Vanquished Creatures
  Jessica (D:2)
  A worker ant (D:2)
  An adder (D:2)
  An ooze (D:1)
  2 leopard geckos (D:1)
  A bat (D:1)
  2 giant cockroaches
  12 goblins
  6 hobgoblins
  8 jackals (D:2)
  5 kobolds
  4 frilled lizards
  2 rats (D:1)
46 creatures vanquished.

Vanquished Creatures (collateral kills)
  Robin (D:2)
  2 goblins (D:2)
  2 hobgoblins (D:2)
  A frilled lizard (D:2)
6 creatures vanquished.

Grand Total: 52 creatures vanquished

Notes
Turn   | Place    | Note
-------+----------+-------------------------------------------
     0 | D:1      | thiole the Octopode Hedge Wizard began the quest for the
                  | Orb.
     0 | D:1      | Reached XP level 1. HP: 11/11 MP: 4/4
   465 | D:1      | Reached skill level 3 in Stealth
   465 | D:1      | Reached XP level 2. HP: 17/17 MP: 1/6
   958 | D:1      | Reached XP level 3. HP: 14/21 MP: 0/7
  1746 | D:2      | Noticed Jessica
  1759 | D:2      | Killed Jessica
  1760 | D:2      | Reached skill level 4 in Stealth
  1760 | D:2      | Reached XP level 4. HP: 22/27 MP: 0/9
  1763 | D:2      | Learned a level 2 spell: Call Imp
  1766 | D:2      | Learned a level 2 spell: Slow
  1770 | D:2      | Learned a level 3 spell: Mephitic Cloud
  1866 | D:2      | Noticed Robin
  1895 | D:2      | Killed Robin
  2338 | D:2      | Reached skill level 1 in Air Magic
  2520 | D:2      | Reached XP level 5. HP: 3/31 MP: 2/10
  2521 | D:2      | HP: 1/31 [poisoned by a worker ant]
  2522 | D:2      | Succumbed to a worker ant's poison

Illustrated notes

Levels and vault maps discovered:
D:1:      dpeg_arrival_arbitrary_c, layout_basic,
          wander_ebering_terrifying_dragon_lair
D:2:      layout_basic, lemuel_round_altar, minmay_tiny_reverse_x, uniq_jessica,
          uniq_robin

Skill      XL: |  1  2  3  4 |
---------------+-------------+-----
Stealth        | 3 4 |  4.0
Conjurations   | 2 |  2.4
Summonings     | 2 |  2.0
Air Magic      | 1 |  1.6
Dodging        | |  2.0
Spellcasting   | |  3.5
Translocations | |  1.0

Action                   |  1- 3 |  4- 6 || total
-------------------------+-------+-------++-------
Melee: Dagger            |    39 |    31 ||    70
       Constrict         |    12 |    11 ||    23
       Tentacles         |     2 |     7 ||     9
 Cast: Magic Dart        |    55 |    28 ||    83
       Call Imp          |       |     4 ||     4
Evoke: Wand              |       |     2 ||     2
  Use: Potion            |       |     2 ||     2
Dodge: Dodged            |    33 |    23 ||    56
